 Dungeon Crawl Stone Soup version 0.30.1-11-g7821555f0a (webtiles) character file.

Game seed: 17834442409826505706

45 monsoonserge the Caller (level 3, -2/14 HPs)
             Began as a Felid Summoner on Dec 7, 2023.
             Constricted to death by Natasha (3 damage)
             ... on level 3 of the Dungeon.
             The game lasted 00:05:28 (1735 turns).

monsoonserge the Caller (Felid Summoner)            Turns: 1735, Time: 00:05:29

Health: -2/14      AC:  1    Str:  6    XL:     3   Next: 42%
Magic:  5/7        EV: 14    Int: 18    God:
Gold:   101        SH:  0    Dex: 16    Spells: 1/7 levels left
                                        Lives:  0   Deaths: 0

rFire   + . .        (weapon unavailable)
rCold   . . .        (shield unavailable)
rNeg    . . .        (body armour unavailable)
rPois   .            (helmet unavailable)
rElec   .            (cloak unavailable)
rCorr   +            (gloves unavailable)
SInv    +            (boots unavailable)
Will    +....        k - amulet "Nusiw" {Fragile rF+ Will+ Regen+ Str+2}
Stlth   ++           h - ring of resist corrosion
HPRegen 1.02/turn    (no ring)
MPRegen 0.10/turn

%: no passive effects
@: grasped by roots, constricted, quick
A: very small, claws 1, fangs 3, see invisible, speed 1, shaggy fur 1, stealthy
paws, no weapons or thrown items, no armour, multi-lived
a: no special abilities


You were on level 3 of the Dungeon.
You visited 1 branch of the dungeon, and saw 3 of its levels.

You collected 101 gold pieces.

Inventory:

Jewellery
 h - a ring of resist corrosion (left paw)
 k - the amulet "Nusiw" (around neck) {Fragile rF+ Will+ Regen+ Str+2}
   (You found it on level 2 of the Dungeon)

   [amulet of regeneration]

   Str:       It affects your strength (+2).
   rF:        It protects you from fire.
   Regen:     It increases your rate of health regeneration.
   Fragile:   It will be destroyed if unequipped.
   Will:      It increases your willpower.
Scrolls
 c - a scroll of enchant weapon {unknown}
 e - a scroll of silence {unknown}
 f - a scroll of vulnerability {unknown}
 g - a scroll of acquirement {unknown}
 i - a scroll of blinking {unknown}
 j - 2 scrolls of identify {unknown}
 m - a scroll of enchant armour {unknown}
Potions
 a - a potion of magic
 b - a potion of haste {unknown}
 d - a potion of curing {unknown}
 l - 2 potions of invisibility {unknown}


   Skills:
 + Level 0.2 Fighting
 + Level 2.9 Dodging
 - Level 3.0 Stealth
 + Level 0.3 Unarmed Combat
 + Level 2.5 Spellcasting
 + Level 4.6 Summonings


You had one spell level left.
You knew the following spells:

 Your Spells              Type           Power      Damage    Failure   Level
a - Summon Small Mammal   Summ           76%        N/A       2%          1
b - Call Imp              Summ           38%        N/A       3%          2
c - Call Canine Familiar  Summ           19%        N/A       8%          3

Your spell library contained the following spells:

 Spells                   Type           Power      Damage    Failure   Level
 Summon Guardian Golem    Hex/Summ       10%        N/A       21%         3
 Summon Lightning Spire   Summ/Air       10%        N/A       54%         4


Dungeon Overview and Level Annotations

Branches:
Dungeon (3/15)

Altars:
Zin

Annotations:
D:3 Natasha


Innate Abilities, Weirdness & Mutations

You have sharp claws.
You have razor-sharp teeth.
You have supernaturally acute eyesight. (SInv)
You cover ground quickly. (Speed+)
You are covered in fur. (AC +1)
Your paws help you pounce on unaware monsters.
You are incapable of wielding weapons or throwing items.
You cannot wear armour.
You gain extra lives every three experience levels.


Message History

Confirm with . or Enter, or press ? or * to list all spells.
You scratch the ball python.
You kill the ball python!
Unknown command.
You see here a ball python corpse.
Natasha is nearby!
Casting: Summon Small Mammal (safe; 2% risk of failure)
Confirm with . or Enter, or press ? or * to list all spells.
A tiny devil pulls itself out of the air.
Casting: Call Imp (safe; 3% risk of failure)
Confirm with . or Enter, or press ? or * to list all spells.
Your quokka disappears in a puff of smoke!
You swap places.
You see here a ball python corpse.
The helpless Natasha fails to defend herself.
You claw Natasha!
Natasha is severely wounded.
Natasha barely misses you.
Unknown command.
You scratch Natasha but do no damage.
Natasha is severely wounded.
Natasha misses you.
You scratch Natasha. Your bite misses Natasha.
Natasha is severely wounded.
Natasha closely misses you.
You barely miss Natasha.
Natasha is severely wounded.
Your quokka disappears in a puff of smoke!
Natasha zaps a wand.
The roots erupt in riotous growth!
The grasping roots grab you!
Natasha is unaffected.
Your bat is unaffected.
The grasping roots constrict you.
You scratch Natasha but do no damage.
Natasha is severely wounded.
Natasha claws you!
Ouch! That really hurt!
* * * LOW HITPOINT WARNING * * *
The grasping roots constrict you.
You die...

##.#.#.#.#.#.#.#.#.#.#.
...#.#.#.#.#.#.#.#.#.#.#
#.#[#.#.#.#.#.#.#.#.#.#.
..#.#.#5#.#.#.#.#.#.#.#
#.#.#.#.#†#.#.#.#.#.#.
#.#.#.#.#.#.#.#.#.#.#
#.#.#5#.#.#.#.#.#.#.
#h#b#.#.#.#.#.#.#.#
#@#.#.#.#.#.#.#.#.
#.#.#.#.#.#.#.#.<.#
#.#.#.#.#.#.#.#.#.#.
+#######...............
........###....#######.
........'5#.##....####.
........#.#.##.##...##.
........#.#.##.........
........#.#.####.....#†


You could see Natasha (ally target), a friendly cerulean imp (summoned) and a
friendly bat (summoned).

Vanquished Creatures
  An adder (D:3)
  3 dart slugs
  An endoplasm (D:3)
  2 goblins
  A ball python (D:3)
  4 rats
12 creatures vanquished.

Vanquished Creatures (collateral kills)
  An adder (D:3)
  A worm (D:2)
  An endoplasm (D:2)
  2 hobgoblins
  2 quokkas
  A bat (D:2)
  A kobold (D:1)
9 creatures vanquished.

Grand Total: 21 creatures vanquished

Notes
Turn   | Place    | Note
-------+----------+-------------------------------------------
     0 | D:1      | monsoonserge the Felid Summoner began the quest for the
                  | Orb.
     0 | D:1      | Reached XP level 1. HP: 7/7 MP: 4/4
   266 | D:1      | Reached XP level 2. HP: 9/11 MP: 3/6
   278 | D:1      | Learned a level 2 spell: Call Imp
   993 | D:2      | Identified the amulet "Nusiw" {Fragile rF+ Will+ Regen+
                  | Str+2}
  1260 | D:3      | Reached XP level 3. HP: 14/14 MP: 2/7
  1376 | D:3      | Learned a level 3 spell: Call Canine Familiar
  1637 | D:3      | Found a glowing silver altar of Zin.
  1643 | D:3      | Noticed an angel
  1644 | D:3      | Noticed Natasha
  1735 | D:3      | Constricted to death by Natasha

Illustrated notes

Levels and vault maps discovered:
D:1:      reono_arrival_mine, layout_basic
D:2:      layout_rooms
D:3:      layout_basic, grunt_temple_overflow_order_and_chaos_1,
          minmay_divided_ellipse, uniq_natasha, uniq_grinder

Skill      XL: |  1  2 |
---------------+-------+-----
Stealth        | 3 |  3.0
Fighting       | |  0.2
Dodging        | |  2.9
Unarmed Combat | |  0.3
Spellcasting   | |  2.5
Summonings     | |  4.6

Action                     || total
---------------------------++-------
  Melee: Unarmed           ||    57
         Bite              ||     6
   Cast: Summon Small Mamm ||    35
         Call Imp          ||    12
   Stab: Sleeping          ||     3
         Distracted        ||     1
 Armour: Skin              ||     3
  Dodge: Dodged            ||    43
